 Dungeon Crawl Stone Soup version 0.30-a0-365-ge7f957f1db (webtiles) character file.

Game seed: 461474587982642969

4942 snetch the Cleaver (level 10, -8/135 HPs)
             Began as a Minotaur Berserker on Nov 17, 2022.
             Was an Elder of Trog.
             Killed from afar by Erica (36 damage)
             ... with a bolt of poison
             ... on level 8 of the Dungeon.
             The game lasted 00:21:20 (6008 turns).

snetch the Cleaver (Minotaur Berserker)             Turns: 6008, Time: 00:21:23

Health: -8/135     AC: 16    Str: 26    XL:     10   Next: 28%
Magic:  9/9        EV: 11    Int:  4    God:    Trog [****..]
Gold:   351        SH:  3    Dex: 10    Spells: 9/9 levels left

rFire   . . .      SeeInvis .    a - +4 hand axe
rCold   . . .      Faith    .    I - +0 buckler
rNeg    + . .      Spirit   .    y - +1 scale mail of Theory {Slay+2 Stlth+}
rPois   .          Reflect  .    H - +2 hat
rElec   .          Harm     .    l - +2 cloak {Will+}
rCorr   .          Rampage  .    P - +0 pair of gloves
Will    +....                    (no boots)
Stlth   ..........               o - amulet of regeneration
HPRegen 1.22/turn                r - ring of positive energy
MPRegen 0.11/turn                (no ring)

@: berserking, lethally poisoned (-8 -> -25), very quick
A: horns 2, retaliatory headbutt
a: Renounce Religion, Berserk, Trog's Hand, Brothers in Arms


You were on level 8 of the Dungeon.
You worshipped Trog.
Trog was greatly pleased with you.
You visited 2 branches of the dungeon, and saw 9 of its levels.

You collected 351 gold pieces.

Inventory:

Hand Weapons
 a - a +4 hand axe (weapon)
 b - a +0 antimagic flail
 c - a +0 trident
 d - a +5 battleaxe
 e - a +1 dire flail of draining
 f - a +3 halberd
Missiles
 i - 51 stones (quivered)
 A - 7 boomerangs
 O - 3 atropa-tipped darts
Armour
 l - a +2 cloak of willpower (worn)
 y - the +1 scale mail of Theory (worn) {Slay+2 Stlth+}
   (You found it on level 4 of the Dungeon)

   Slay:      It affects your accuracy & damage with ranged weapons and melee
   (+2).
   Stlth:     It makes you more stealthy.
 H - a +2 hat (worn)
 I - a +0 buckler (worn)
 P - a +0 pair of gloves (worn)
Jewellery
 o - an amulet of regeneration (around neck)
 r - a ring of positive energy (left hand)
 u - a ring of ice
Wands
 s - a wand of iceblast (9)
 E - a wand of mindburst (15)
 F - a wand of flame (67)
 M - a wand of polymorph (10)
Scrolls
 g - a scroll of torment {unknown}
 k - a scroll of fear {unknown}
 m - 3 scrolls of identify {unknown}
 p - 2 scrolls of immolation {unknown}
 q - a scroll of fog {unknown}
 t - 5 scrolls of teleportation {unknown}
 B - a scroll of amnesia {unknown}
 C - a scroll of summoning {unknown}
 J - a scroll of poison {unknown}
 L - a scroll of enchant armour {unknown}
 N - a scroll of vulnerability {unknown}
Potions
 j - 4 potions of curing {unknown}
 n - a potion of flight {unknown}
 v - 2 potions of haste {unknown}
 w - a potion of degeneration {unknown}
 x - 3 potions of resistance {unknown}
 z - a potion of brilliance {unknown}
 D - 2 potions of might {unknown}
 G - 3 potions of attraction {unknown}
 K - a potion of cancellation {unknown}
 Q - a potion of berserk rage {unknown}


   Skills:
 + Level 8.7 Fighting
 + Level 12.1 Axes
 + Level 5.4 Staves
 + Level 0.8 Throwing
 + Level 8.5 Armour
 + Level 4.9 Dodging
 + Level 1.4 Stealth
 + Level 1.7 Shields


You had 9 spell levels left.
You didn't know any spells.
Your spell library contained the following spells:

 Spells                   Type           Power      Damage    Failure   Level
 Foxfire                  Conj/Fire      0%         2x1d4     83%         1
 Sting                    Tmut/Pois      0%         1d3       83%         1
 Blink                    Tloc           0%         N/A       93%         2
 Momentum Strike          Conj/Tloc      0%         3d8       93%         2
 Poisonous Vapours        Pois/Air       0%         N/A       93%         2
 Ignite Poison            Fire/Tmut/Pois 0%         N/A       99%         3
 Kindle Blastsparks       Fire/Tloc/Air  0%         2d10      99%         3
 Lesser Beckoning         Tloc           0%         N/A       99%         3
 Olgreb's Toxic Radiance  Pois           0%         N/A       100%        4
 Summon Lightning Spire   Summ/Air       0%         N/A       100%        4
 Fireball                 Conj/Fire      0%         3d3       100%        5
 Freezing Cloud           Conj/Ice/Air   0%         6-21      100%        5
 Starburst                Conj/Fire      0%         6d3       100%        6
 Storm Form               Tmut/Air       0%         N/A       100%        7
 Maxwell's Capacitive Co  Air            0%         ∞         100%        8


Dungeon Overview and Level Annotations

Branches:
Dungeon (8/15)             Temple (1/1) D:5            Lair (0/5) D:8

Altars:
Cheibriados
Dithmenos
Elyvilon
Fedhas
Gozag
Hepliaklqana
Kikubaaqudgha
Makhleb
Nemelex Xobeh
Okawaru
Qazlal
Ru
Trog
Uskayaw
Wu Jian
Xom
Yredelemnul
Zin

Annotations:
D:8 Erica


Innate Abilities, Weirdness & Mutations

You have a pair of horns on your head.
You reflexively headbutt those who attack you in melee.


Message History

Erica the Fiery-Tempered comes into view.
She is wielding a +4 scimitar of flaming.
Found a shortbow.
Erica shouts!
You throw a poisoned dart. The poisoned dart hits Erica.
Erica is poisoned.
You throw a poisoned dart. The poisoned dart barely misses Erica.
You throw a poisoned dart. The poisoned dart hits Erica.
Erica is lightly wounded.
You throw a poisoned dart. The poisoned dart hits Erica.
Erica looks even sicker.
Erica is lightly wounded.
Erica gestures at you while chanting. The bolt of poison hits you!!
You are poisoned.
You throw a poisoned dart. The poisoned dart hits Erica.
Erica is lightly wounded.
You feel very sick.
You slash Erica!
Erica is moderately wounded.
You feel sick.
Erica points at you and mumbles some strange words.
The bolt of poison hits you!!
You are more poisoned.
You slash Erica!
Erica is heavily wounded.
You feel very sick. Erica closely misses you.
You hit Erica.
Erica is heavily wounded.
You feel very sick.
Erica hits you with a +4 scimitar of flaming!
* * * LOW HITPOINT WARNING * * *
Erica burns you.
* * * LOW HITPOINT WARNING * * *
A red film seems to cover your vision as you go berserk!
You feel yourself moving faster!
You feel mighty!
You feel very sick. Erica gestures at you while chanting.
The bolt of poison hits you!!!
You are more poisoned.
You die...

#.....# #.###.# #. #.#
#.# #.### #.# #.# #(#..
.# #. #######.# #.#
#(#.# #... #. ........#
#.# #(#.# .#.# ###.
###########.# #(#.# ...
... #.........###@#.#..#
####..
###.##########..@.#.##.#
..##..
........#.......#......#
##.##..
###...#.#.####.##.#.####
..##)) #.....#.# ..)
#.#.# #.##.) #.....#.#
... #.#.########.##.)
#...<.#.# #...
#.#..............
##....#.# #..
#.............#.#
#....#.# #..
#############.#..
#....#.# #...#


You could see Erica (poisoned).

Vanquished Creatures
  Joseph (D:7)
  2 trolls
  Grinder (D:6)
  Sigmund (D:5)
  A wyvern (D:5)
  Menkaure (D:6)
  Edmund (D:6)
  A sky beast (D:6)
  5 ice beasts
  3 black bears
  2 ogres
  3 wolves (D:8)
  2 centaurs
  A bullfrog (D:7)
  2 gnoll sergeants
  A necrophage (D:5)
  10 wights
  3 killer bees (D:8)
  6 electric eels
  2 gnoll boudas (D:7)
  3 orc priests
  5 hounds
  Crazy Yiuf (D:2)
  9 iguanas
  5 orc wizards
  A mummy (D:4)
  11 gnolls
  5 adders
  A shadow imp (D:7)
  3 white imps
  An ufetubus (D:5)
  A worm (D:4)
  4 dart slugs
  23 orcs
  7 endoplasms
  6 giant cockroaches
  9 goblins
  5 hobgoblins
  5 jackals
  2 quokkas
  4 ball pythons
  3 bats
  5 frilled lizards
  3 hobgoblin zombies (D:4)
  6 kobolds
  An orc zombie (D:4)
  4 rats
182 creatures vanquished.

Vanquished Creatures (others)
  A white imp (D:7)
  35 plants (D:7)
36 creatures vanquished.

Grand Total: 218 creatures vanquished

Notes
Turn   | Place    | Note
-------+----------+-------------------------------------------
     0 | D:1      | snetch the Minotaur Berserker began the quest for the Orb.
     0 | D:1      | Reached XP level 1. HP: 19/19 MP: 0/0
   160 | D:1      | Reached skill level 4 in Axes
   160 | D:1      | Reached XP level 2. HP: 27/27 MP: 1/1
   447 | D:3      | Reached XP level 3. HP: 10/33 MP: 2/2
   798 | D:1      | Reached ** piety under Trog
  1456 | D:3      | Reached XP level 4. HP: 36/41 MP: 3/3
  1624 | D:5      | Entered Level 5 of the Dungeon
  1922 | D:2      | Reached skill level 5 in Axes
  2005 | D:2      | Found a runed translucent door.
  2006 | D:2      | Noticed Crazy Yiuf
  2014 | D:2      | Killed Crazy Yiuf
  2262 | D:3      | Reached XP level 5. HP: 47/47 MP: 4/4
  2580 | D:5      | Found a staircase to the Ecumenical Temple.
  2580 | D:5      | Noticed a black bear
  2581 | D:5      | Noticed a wyvern
  2588 | D:5      | Reached skill level 1 in Staves
  2589 | D:5      | Killed a black bear
  2590 | D:5      | Reached skill level 5 in Fighting
  2590 | D:5      | Reached XP level 6. HP: 56/56 MP: 5/5
  2592 | D:5      | Killed a wyvern
  2593 | D:5      | Reached skill level 6 in Axes
  2651 | D:6      | Reached XP level 7. HP: 61/61 MP: 6/6
  2841 | D:4      | Reached *** piety under Trog
  2846 | D:4      | Reached skill level 5 in Staves
  2903 | D:4      | Identified the +1 scale mail of Theory {Slay+2 Stlth+}
  3274 | D:6      | Noticed Menkaure
  3277 | D:6      | Killed Menkaure
  3278 | D:6      | Reached skill level 7 in Axes
  3278 | D:6      | Reached XP level 8. HP: 44/71 MP: 7/7
  3306 | D:5      | Reached skill level 5 in Armour
  3599 | D:5      | Noticed Sigmund
  3607 | D:5      | Killed Sigmund
  3608 | D:5      | Reached skill level 8 in Axes
  3699 | Temple   | Entered the Ecumenical Temple
  4165 | D:6      | Noticed Edmund
  4173 | D:6      | Killed Edmund
  4332 | D:6      | Reached skill level 9 in Axes
  4332 | D:6      | Reached skill level 1 in Stealth
  4379 | D:6      | Noticed Grinder
  4390 | D:6      | Paralysed by Grinder for 5 turns
  4406 | D:6      | Killed Grinder
  4407 | D:6      | Reached XP level 9. HP: 79/79 MP: 8/8
  4420 | D:6      | Noticed a troll
  4424 | D:6      | Killed a troll
  4537 | D:7      | Reached **** piety under Trog
  4749 | D:7      | Noticed Joseph
  4781 | D:7      | Killed Joseph
  4782 | D:7      | Reached skill level 10 in Axes
  4931 | D:7      | Reached skill level 1 in Shields
  5014 | D:7      | Reached skill level 11 in Axes
  5375 | D:7      | Reached XP level 10. HP: 82/88 MP: 9/9
  5829 | D:8      | Found a staircase to the Lair.
  5846 | D:8      | Reached skill level 12 in Axes
  5999 | D:8      | Noticed Erica
  6008 | D:8      | Killed from afar by Erica

Illustrated notes

Levels and vault maps discovered:
D:1:      minmay_arrival_stair_chambers, layout_basic, minmay_misc_feat_x
D:2:      minmay_wonky_spiral, layout_basic, chequers_avenue,
          minmay_tetromino_t2, uniq_crazy_yiuf_cottage
D:3:      layout_loops_ring, corner_web_ring, chequers_serial_rivers_marsh
D:4:      layout_basic, minmay_mini_ossuary
D:5:      layout_basic, minmay_temple_entry_large_hall, uniq_sigmund
D:6:      layout_loops_ring, uniq_grinder, uniq_menkaure, uniq_edmund
D:7:      layout_loops_corners, serial_bayou, serial_bayou_pond_a,
          serial_bayou_lagoon_b, serial_bayou_pond_b, serial_bayou_lagoon_a,
          uniq_joseph
D:8:      layout_basic, erik_lair_island, uniq_erica
Temple:   dpeg_five_rooms_temple

Skill      XL: |  1  2  3  4  5  6  7  8  9 10 |
---------------+-------------------------------+-----
Axes           | 4 5 6 7 9 11 12 | 12.1
Fighting       | 4 5 6 7 8 |  8.7
Dodging        | 3 4 |  4.9
Armour         | 3 4 6 8 |  8.5
Staves         | 1 3 5 |  5.4
Stealth        | 1 |  1.4
Shields        | 1 |  1.7
Throwing       | |  0.8

Action                   |  1- 3 |  4- 6 |  7- 9 | 10-12 || total
-------------------------+-------+-------+-------+-------++-------
Melee: Hand axe          |    80 |    28 |   126 |    49 ||   283
       Headbutt          |     6 |    10 |    44 |    14 ||    74
       Quarterstaff      |       |    39 |    23 |       ||    62
       Battleaxe         |       |       |    75 |       ||    75
Throw: Stone             |       |       |     7 |       ||     7
       Dart              |       |       |     1 |     5 ||     6
Invok: Berserk           |     1 |     2 |     3 |     2 ||     8
       Trog's Hand       |       |       |     1 |     1 ||     2
Armor: Animal skin       |    22 |       |       |       ||    22
       Leather armour    |    10 |     6 |       |       ||    16
       Ring mail         |       |    25 |       |       ||    25
       Chain mail        |       |    13 |    33 |       ||    46
       Scale mail        |       |       |    81 |    34 ||   115
Dodge: Dodged            |    37 |    40 |   120 |    38 ||   235
Block: Buckler           |       |       |    13 |     8 ||    21

Table legend: (Time is in decaauts)
 A = Elapsed time spent in this place.
 B = Non-inter-level travel time spent in this place.
 C = Inter-level travel time spent in this place.
 D = Time resting spent in this place.
 E = Time spent auto-exploring this place.
 F = Levels seen in this place.
 G = Mean time per level.
                   A        B        C        D        E       F      G
               +--------+--------+--------+--------+--------+-----+--------+
         Total |   6116 |   5703 |    413 |     79 |   3775 |   9 |  679.6 |
       Dungeon |   5855 |   5490 |    365 |     79 |   3575 |   8 |  731.9 |
        Temple |    260 |    212 |     48 |      0 |    200 |   1 |  260.0 |
               +--------+--------+--------+--------+--------+-----+--------+

Top non-repeatable levels by time:
     D:2: 1031 daAuts
     D:7: 1012 daAuts
     D:6: 865 daAuts
     D:3: 747 daAuts
     D:1: 725 daAuts
     D:4: 587 daAuts
     D:5: 544 daAuts
     D:8: 341 daAuts
  Temple: 260 daAuts
